PAAA
BLOOMINGTON LONGNECKS @ PLYMOUTH ROCKS
08/17/2033
 
TOP OF THE 1ST
Bloomington Longnecks batting - Pitching for Plymouth Rocks : RHP Zaki Fakhiri
Pitching: RHP Zaki Fakhiri
Batting: RHB Javier De Jesús 0-0: Ball
1-0: Foul Ball, location: 2F
1-1: Called Strike
1-2: Ball
2-2: Fly out, F8 (Flyball, 8RS)
Batting: RHB Barrett Drury 0-0: Called Strike
0-1: Foul Ball, location: 2F
0-2: Ground out 4-3 (Groundball, 4)
Batting: RHB Blaze Alexander 0-0: SINGLE (Line Drive, 8LS)
Batting: RHB Frank Crocker 0-0: Ground out 4-3 (Groundball, 4)
Top of the 1st over - 0 runs, 1 hit, 0 errors, 1 left on base; Bloomington 0 - Plymouth 0
BOTTOM OF THE 1ST
Plymouth Rocks batting - Pitching for Bloomington Longnecks : RHP Nassim El-Badwi
Pitching: RHP Nassim El-Badwi
Batting: RHB Ernesto Trevino 0-0: Foul Ball, location: 2F
0-1: Ball
1-1: DOUBLE (Line Drive, 8LD)
Batting: LHB Octávio Ontiveros 0-0: Called Strike
0-1: Foul Ball, location: 2F
0-2: SINGLE (Groundball, 6D)
Ernesto Trevino to third
Batting: LHB Adrian McCoy 0-0: Called Strike
0-1: Ball
1-1: Ball
2-1: Foul Ball, location: 2F
2-2: Ball
3-2: Foul Ball, location: 2F
3-2: Foul Ball, location: 2F
3-2: Base on Balls
Octávio Ontiveros to second
Batting: RHB Xi-ku See-to 0-0: Ball
1-0: Ball
2-0: Called Strike
2-1: Grounds into double play, 6-4-3 (Groundball, 6)
Ernesto Trevino scores
Octávio Ontiveros to third
Batting: SHB Javier Vega 0-0: Swinging Strike
0-1: Ball
1-1: Foul Ball, location: 2F
1-2: Foul Ball, location: 2F
1-2: Ball
2-2: Fly out, F9 (Flyball, 9LSF)
Bottom of the 1st over - 1 run, 2 hits, 0 errors, 1 left on base; Bloomington 0 - Plymouth 1
TOP OF THE 2ND
Bloomington Longnecks batting - Pitching for Plymouth Rocks : RHP Zaki Fakhiri
Batting: RHB Carlos Cardona 0-0: Foul Ball, location: 2F
0-1: Called Strike
0-2: Foul Ball, location: 2F
0-2: Strikes out swinging, 2-3 out at first.
Batting: RHB Mark Smiley 0-0: Ball
1-0: Swinging Strike
1-1: Ball
2-1: Swinging Strike
2-2: Strikes out swinging
Batting: RHB Toussiant L'Ouverture 0-0: Called Strike
0-1: Ball
1-1: Ball
2-1: Foul Ball, location: 2F
2-2: Ball
3-2: SINGLE (Groundball, 6MD)
Batting: LHB Daniel Faraday 0-0: Ball
1-0: Called Strike
1-1: Ball
2-1: Foul Ball, location: 2F
2-2: Ground out U3 (Groundball, 34S)
Top of the 2nd over - 0 runs, 1 hit, 0 errors, 1 left on base; Bloomington 0 - Plymouth 1
BOTTOM OF THE 2ND
Plymouth Rocks batting - Pitching for Bloomington Longnecks : RHP Nassim El-Badwi
Now in RF: Mark Smiley
Batting: RHB José Santos 0-0: Ball
1-0: Ball
2-0: SINGLE (Flyball, 78M)
Batting: LHB Edgardo De Jesús 0-0: Fly out, F7 (Flyball, 7LMF)
Batting: RHB Chang-lit Min 0-0: Ball
1-0: Ball
2-0: Called Strike
2-1: Fly out, F7 (Line Drive, 7)
Batting: LHB Dae-ik Park 0-0: Ball
1-0: Swinging Strike
1-1: Ball
2-1: Ball
3-1: Called Strike
3-2: Foul Ball, location: 2F
3-2: SINGLE (Flyball, 78S)
José Santos to second
José Santos to third
Batting: RHB Ernesto Trevino 0-0: Called Strike
0-1: Ball
1-1: Called Strike
1-2: Foul Ball, location: 2F
1-2: Strikes out looking
Bottom of the 2nd over - 0 runs, 2 hits, 0 errors, 2 left on base; Bloomington 0 - Plymouth 1
TOP OF THE 3RD
Bloomington Longnecks batting - Pitching for Plymouth Rocks : RHP Zaki Fakhiri
Batting: LHB Keith Alexander 0-0: Ball
1-0: Ball
2-0: Swinging Strike
2-1: Foul Ball, location: 2F
2-2: Fly out, F7 (Flyball, 7LS)
Batting: RHB Javier De Jesús 0-0: Called Strike
0-1: Ball
1-1: Ball
2-1: SINGLE (Line Drive, 7LS)
Batting: RHB Barrett Drury 0-0: Called Strike
0-1: Foul Ball, location: 2F
0-2: Ball
1-2: Ball
Javier De Jesús steals 2nd base
2-2: Ball
3-2: Strikes out swinging
Batting: RHB Blaze Alexander 0-0: Swinging Strike
Passed Ball!
Javier De Jesús to third
0-1: Ball
1-1: Called Strike
1-2: Strikes out looking
Top of the 3rd over - 0 runs, 1 hit, 0 errors, 1 left on base; Bloomington 0 - Plymouth 1
BOTTOM OF THE 3RD
Plymouth Rocks batting - Pitching for Bloomington Longnecks : RHP Nassim El-Badwi
Batting: LHB Octávio Ontiveros 0-0: Foul Ball, location: 2F
0-1: Foul Ball, location: 2F
0-2: Ball
1-2: Foul Ball, location: 2F
1-2: Fly out, F7 (Flyball, 78D)
Batting: LHB Adrian McCoy 0-0: Called Strike
0-1: Ground out 6-3 (Groundball, 6M)
Batting: RHB Xi-ku See-to 0-0: Fly out, F7 (Line Drive, 7)
Bottom of the 3rd over - 0 runs, 0 hits, 0 errors, 0 left on base; Bloomington 0 - Plymouth 1
TOP OF THE 4TH
Bloomington Longnecks batting - Pitching for Plymouth Rocks : RHP Zaki Fakhiri
Batting: RHB Frank Crocker 0-0: Called Strike
0-1: Ball
1-1: Ball
2-1: SINGLE (Groundball, 4MD)
Batting: RHB Carlos Cardona 0-0: Called Strike
0-1: Ball
1-1: Ball
2-1: Ground out 3-1 (Groundball, 34)
Frank Crocker to second
Batting: RHB Mark Smiley 0-0: Ball
1-0: Swinging Strike
1-1: Ball
2-1: Fly out, F8 (Flyball, 8LD)
Batting: RHB Toussiant L'Ouverture 0-0: Called Strike
0-1: Foul Ball, location: 2F
0-2: Ball
1-2: Foul Ball, location: 2F
1-2: Ball
2-2: Foul Ball, location: 2F
2-2: Ball
3-2: Foul Ball, location: 2F
3-2: Foul Ball, location: 2F
3-2: Foul Ball, location: 2F
3-2: SINGLE (Flyball, 78M)
Frank Crocker to third
Frank Crocker scores
Batting: RHB Masafumi Ito 0-0: Fly out, F9 (Flyball, 89D)
Top of the 4th over - 1 run, 2 hits, 0 errors, 1 left on base; Bloomington 1 - Plymouth 1
BOTTOM OF THE 4TH
Plymouth Rocks batting - Pitching for Bloomington Longnecks : RHP Nassim El-Badwi
Now in LF: Masafumi Ito
Batting: SHB Javier Vega 0-0: Foul Ball, location: 2F
0-1: Ball
1-1: Called Strike
1-2: Ball
2-2: Ball
3-2: Foul Ball, location: 2F
3-2: Strikes out looking
Batting: RHB José Santos 0-0: Called Strike
0-1: Ball
1-1: Ball
2-1: Foul Ball, location: 2F
2-2: Ball
3-2: Fly out, F6 (Popup, 15)
Batting: LHB Edgardo De Jesús 0-0: Foul Ball, location: 2F
0-1: Ground out 4-3 (Groundball, 4)
Bottom of the 4th over - 0 runs, 0 hits, 0 errors, 0 left on base; Bloomington 1 - Plymouth 1
TOP OF THE 5TH
Bloomington Longnecks batting - Pitching for Plymouth Rocks : RHP Zaki Fakhiri
Batting: LHB Keith Alexander 0-0: Ball
1-0: Swinging Strike
1-1: Foul Ball, location: 2F
1-2: Ball
2-2: Foul Ball, location: 2F
2-2: Ball
3-2: Base on Balls
Batting: RHB Javier De Jesús 0-0: Swinging Strike
0-1: Foul Ball, location: 2F
0-2: Ball
1-2: Strikes out swinging
Batting: RHB Barrett Drury 0-0: Ball
1-0: Called Strike
1-1: Fly out, F5 (Line Drive, 56)
Batting: RHB Blaze Alexander 0-0: Called Strike
0-1: Foul Ball, location: 2F
0-2: Strikes out swinging
Top of the 5th over - 0 runs, 0 hits, 0 errors, 1 left on base; Bloomington 1 - Plymouth 1
BOTTOM OF THE 5TH
Plymouth Rocks batting - Pitching for Bloomington Longnecks : RHP Nassim El-Badwi
Batting: RHB Chang-lit Min 0-0: Ball
1-0: Swinging Strike
1-1: Ball
2-1: Ground out 6-3 (Groundball, 6S)
Batting: LHB Dae-ik Park 0-0: Ground out U3 (Groundball, 3L)
Batting: RHB Ernesto Trevino 0-0: SINGLE (Groundball, 56) (infield hit)
Batting: LHB Octávio Ontiveros 0-0: Fly out, F8 (Flyball, 8RS)
Bottom of the 5th over - 0 runs, 1 hit, 0 errors, 1 left on base; Bloomington 1 - Plymouth 1
TOP OF THE 6TH
Bloomington Longnecks batting - Pitching for Plymouth Rocks : RHP Zaki Fakhiri
Batting: RHB Frank Crocker 0-0: Called Strike
0-1: Ball
1-1: Ball
2-1: Foul Ball, location: 2F
2-2: Ball
3-2: Foul Ball, location: 2F
3-2: Base on Balls
Batting: RHB Carlos Cardona 0-0: Grounds into double play, 5-4-3 (Groundball, 56)
Batting: RHB Mark Smiley 0-0: Ball
1-0: Ball
2-0: Swinging Strike
2-1: Ball
3-1: Base on Balls
Batting: RHB Toussiant L'Ouverture 0-0: Ball
1-0: Called Strike
1-1: Ball
2-1: Ball
3-1: SINGLE (Groundball, 56D)
Mark Smiley to second
Batting: RHB Masafumi Ito 0-0: Ball
1-0: Ball
2-0: Ground out 5-3 (Groundball, 56S)
Top of the 6th over - 0 runs, 1 hit, 0 errors, 2 left on base; Bloomington 1 - Plymouth 1
BOTTOM OF THE 6TH
Plymouth Rocks batting - Pitching for Bloomington Longnecks : RHP Nassim El-Badwi
Batting: LHB Adrian McCoy 0-0: Called Strike
0-1: Ball
1-1: Ball
2-1: Ball
3-1: Base on Balls
Batting: RHB Xi-ku See-to 0-0: Ball
1-0: Swinging Strike
1-1: Ball
2-1: Swinging Strike
2-2: Ball
3-2: SINGLE (Line Drive, 34D)
Adrian McCoy to second
Batting: SHB Javier Vega 0-0: Called Strike
0-1: Swinging Strike
0-2: Ball
1-2: Ball
2-2: Fly out, F6 (Line Drive, 6M)
Pitching: LHP Marcus Blakely
Batting: RHB José Santos 0-0: Grounds into double play, 1-4-3 (Groundball, 15)
Bottom of the 6th over - 0 runs, 1 hit, 0 errors, 1 left on base; Bloomington 1 - Plymouth 1
TOP OF THE 7TH
Bloomington Longnecks batting - Pitching for Plymouth Rocks : RHP Zaki Fakhiri
Batting: LHB Keith Alexander 0-0: Ball
1-0: Called Strike
1-1: Foul Ball, location: 2F
1-2: Strikes out swinging
Batting: RHB Javier De Jesús 0-0: Fly out, F4 (Flyball, 34D)
Batting: RHB Barrett Drury 0-0: Called Strike
0-1: Ground out 4-3 (Groundball, 4M)
Top of the 7th over - 0 runs, 0 hits, 0 errors, 0 left on base; Bloomington 1 - Plymouth 1
BOTTOM OF THE 7TH
Plymouth Rocks batting - Pitching for Bloomington Longnecks : LHP Marcus Blakely
Batting: LHB Edgardo De Jesús 0-0: Called Strike
0-1: Ball
1-1: Foul Ball, location: 2F
1-2: Ground out 4-3 (Groundball, 4)
Batting: RHB Chang-lit Min 0-0: Ground out 6-3 (Groundball, 6)
Batting: LHB Dae-ik Park 0-0: Ball
1-0: Fly out, F9 (Flyball, 9)
Bottom of the 7th over - 0 runs, 0 hits, 0 errors, 0 left on base; Bloomington 1 - Plymouth 1
TOP OF THE 8TH
Bloomington Longnecks batting - Pitching for Plymouth Rocks : RHP Zaki Fakhiri
Pitching: LHP Jorge Cruz
Batting: RHB Blaze Alexander 0-0: Swinging Strike
0-1: Ball
1-1: Called Strike
1-2: Ground out 4-3 (Groundball, 34)
Batting: RHB Frank Crocker 0-0: Called Strike
0-1: Ground out 5-3 (Groundball, 56)
Batting: RHB Carlos Cardona 0-0: Swinging Strike
0-1: Called Strike
0-2: Ball
1-2: Ball
2-2: Foul Ball, location: 2F
2-2: Foul Ball, location: 2F
2-2: Ball
3-2: Foul Ball, location: 2F
3-2: Foul Ball, location: 2F
3-2: Base on Balls
Batting: RHB Mark Smiley 0-0: Ball
1-0: Ball
2-0: Ball
3-0: Called Strike
3-1: Base on Balls
Carlos Cardona to second
Batting: RHB Toussiant L'Ouverture 0-0: Ball
1-0: Ball
2-0: Foul Ball, location: 2F
2-1: Fly out, F7 (Flyball, 7D)
Top of the 8th over - 0 runs, 0 hits, 0 errors, 2 left on base; Bloomington 1 - Plymouth 1
BOTTOM OF THE 8TH
Plymouth Rocks batting - Pitching for Bloomington Longnecks : LHP Marcus Blakely
Batting: RHB Ernesto Trevino 0-0: Called Strike
0-1: Ground out 4-3 (Groundball, 4)
Pinch Hitting: RHB Zelmar Barajas 0-0: Ball
1-0: Ground out 6-3 (Groundball, 6)
Batting: LHB Adrian McCoy 0-0: Ball
1-0: Swinging Strike
1-1: Ball
2-1: Foul Ball, location: 2F
2-2: Ball
3-2: Fly out, F3 (Popup, 3SF)
Bottom of the 8th over - 0 runs, 0 hits, 0 errors, 0 left on base; Bloomington 1 - Plymouth 1
TOP OF THE 9TH
Bloomington Longnecks batting - Pitching for Plymouth Rocks : LHP Jorge Cruz
Pitching: RHP Javier Luna
Now at 3B: Zelmar Barajas
Batting: RHB Masafumi Ito 0-0: Foul Ball, location: 2F
0-1: Ball
1-1: Ball
2-1: Ball
3-1: Base on Balls
Batting: LHB Keith Alexander 0-0: Sac Bunt - play at first, batter OUT! 3-4
Masafumi Ito to second
Batting: RHB Javier De Jesús 0-0: Foul Ball, location: 2F
0-1: Ball
1-1: Foul Ball, location: 2F
1-2: Strikes out swinging
Batting: RHB Barrett Drury 0-0: Called Strike
0-1: Ball
1-1: Ball
2-1: Ground out 5-3 (Groundball, 5)
Top of the 9th over - 0 runs, 0 hits, 0 errors, 1 left on base; Bloomington 1 - Plymouth 1
BOTTOM OF THE 9TH
Plymouth Rocks batting - Pitching for Bloomington Longnecks : LHP Marcus Blakely
Batting: RHB Xi-ku See-to 0-0: Called Strike
0-1: Ball
1-1: Swinging Strike
1-2: Foul Ball, location: 2F
1-2: Ball
2-2: Strikes out looking
Batting: SHB Javier Vega 0-0: Swinging Strike
0-1: Ball
1-1: Ball
2-1: Ball
3-1: Called Strike
3-2: SOLO HOME RUN (Flyball, 7LD), Distance : 375 ft
Saturday, December 22nd, 2018 - OOTP Baseball 18.8 Build 76